 Dungeon Crawl Stone Soup version 0.28.0-43-g3370ac3207 (webtiles) character file.

Game seed: 12245849833222605111

177 cbfl8 the Sneak (level 5, 0/47 HPs)
             Began as a Minotaur Delver on Mar 24, 2022.
             Slain by a bullfrog zombie (4 damage)
             ... in an ossuary.
             The game lasted 00:01:11 (452 turns).

cbfl8 the Sneak (Minotaur Delver)                    Turns: 452, Time: 00:01:12

Health: 0/47       AC:  6    Str: 19    XL:     5   Next: 30%
Magic:  4/4        EV: 10    Int:  7    God:
Gold:   0          SH:  0    Dex: 11    Spells: 4/4 levels left

rFire   . . .      SeeInvis .   a - +0 hand axe
rCold   . . .      Faith    .   (no shield)
rNeg    . . .      Spirit   .   h - +0 scale mail
rPois   .          Reflect  .   (helmet restricted)
rElec   .          Harm     .   (no cloak)
rCorr   .          Rampage  .   (no gloves)
Will    .....                   (no boots)
Stlth   +.........              (no amulet)
HPRegen 0.15/turn               (no ring)
MPRegen 0.09/turn               (no ring)

@: no status effects
A: horns 2, retaliatory headbutt
a: no special abilities


You were in an ossuary.
You visited 1 branch of the dungeon, and saw 2 of its levels.
You also visited: Ossuary.

Inventory:

Hand Weapons
 a - a +0 hand axe (weapon)
Armour
 b - a +0 leather armour
 h - a +0 scale mail (worn)
Wands
 g - a wand of digging (3)
Scrolls
 c - a scroll of fog
 e - a scroll of fear
 i - a scroll of blinking {unknown}
Potions
 f - a potion of haste


   Skills:
 + Level 4.5 Fighting
 + Level 3.4 Axes
 + Level 1.1 Armour
 + Level 2.6 Dodging
 + Level 5.4 Stealth


You had 4 spell levels left.
You didn't know any spells.
Your spell library was empty.

Dungeon Overview and Level Annotations

Branches:
Dungeon (5/15)            Ossuary (1/1)
 Temple: D:4-7

Altars:


Innate Abilities, Weirdness & Mutations

You have a pair of horns on your head.
You reflexively headbutt those who attack you in melee.


Message History

Okay, then.
You hit the mummy.
The mummy is almost destroyed.
You barely miss the mummy. Your headbutt misses the mummy.
The mummy is almost destroyed.
The mummy closely misses you.
You hit the mummy. You punch the mummy, but do no damage.
The mummy is almost destroyed.
The mummy barely misses you. You furiously retaliate!
You headbutt the mummy!
You destroy the mummy!
A bullfrog zombie, a mummy and a centaur zombie come into view.
The bullfrog zombie hits you but does no damage.
There is an open door here.
You hit the bullfrog zombie.
Your headbutt misses the bullfrog zombie.
The bullfrog zombie is lightly damaged.
The bullfrog zombie hits you.
* * * LOW HITPOINT WARNING * * *
The bullfrog zombie hits you.
* * * LOW HITPOINT WARNING * * *
A hornet zombie comes into view.
There is an empty arch of ancient stone here.
You hit the bullfrog zombie.
Your headbutt misses the bullfrog zombie.
The bullfrog zombie is moderately damaged.
The bullfrog zombie hits you but does no damage. x2
You closely miss the bullfrog zombie. You headbutt the bullfrog zombie.
The bullfrog zombie is heavily damaged.
You hit the centaur zombie. The centaur zombie barely misses you.
You furiously retaliate!
You headbutt the centaur zombie. The centaur zombie barely misses you.
The bullfrog zombie hits you but does no damage.
You hit the bullfrog zombie. You headbutt the bullfrog zombie.
The bullfrog zombie is severely damaged.
You hit the centaur zombie. The centaur zombie closely misses you.
You furiously retaliate!
You headbutt the centaur zombie. The centaur zombie kicks you.
* * * LOW HITPOINT WARNING * * *
The bullfrog zombie hits you.
You die...

##+ '.
###.#####
#...#...#
#≈.ZZ@.#
#≈≈P..#Z.∩#
###≈≈≈#####
#≈P.Z
≈≈#≈≈M ≈#
≈P≈Z ≈##≈Z
#≈ P..


You could see 2 bullfrog zombies and a centaur zombie.

Vanquished Creatures
  A phantom (D:5)
  A hound (D:4)
  A centaur skeleton (D:4)
  An iguana (D:4)
  A mummy (Ossuary)
  A dart slug (D:4)
  An orc (D:4)
  An endoplasm (D:4)
  A goblin (D:4)
  A hobgoblin (D:4)
10 creatures vanquished.

Vanquished Creatures (others)
  4 withered plants (Ossuary)
4 creatures vanquished.

Grand Total: 14 creatures vanquished

Notes
Turn   | Place    | Note
-------+----------+-------------------------------------------
     0 | D:5      | cbfl8 the Minotaur Delver began the quest for the Orb.
     0 | D:5      | Reached XP level 1. HP: 19/19 MP: 0/0
    22 | D:5      | Noticed a phantom
    35 | D:5      | Killed a phantom
    36 | D:5      | Reached skill level 5 in Stealth
    36 | D:5      | Reached XP level 2. HP: 17/27 MP: 1/1
    36 | D:5      | Reached XP level 3. HP: 21/33 MP: 2/2
    36 | D:5      | Reached XP level 4. HP: 25/40 MP: 3/3
   329 | D:4      | Reached skill level 1 in Armour
   329 | D:4      | Reached XP level 5. HP: 6/47 MP: 4/4
   419 | D:4      | Found a sand-covered staircase.
   427 | Ossuary  | Entered an ossuary
   452 | Ossuary  | Slain by a bullfrog zombie

Illustrated notes

Levels and vault maps discovered:
D:4:      minmay_angry_zag, layout_basic, ebering_ghost_disaster_area,
          nicolae_ossuary_entry_plus
D:5:      layout_layer_cave, minmay_temple_entry_wispy
Ossuary:  ossuary_zaba_flooded

Skill      XL: |  1  2  3  4 |
---------------+-------------+-----
Fighting       | 4 |  4.5
Stealth        | 5 |  5.4
Axes           | 3 |  3.4
Armour         | 1 |  1.1
Dodging        | |  2.6

Action                   |  1- 3 |  4- 6 || total
-------------------------+-------+-------++-------
Melee: Hand axe          |     5 |    38 ||    43
       Headbutt          |     3 |     8 ||    11
       Punch             |       |     1 ||     1
  Use: Scroll            |       |     1 ||     1
Armor: Scale mail        |     2 |    22 ||    24
Dodge: Dodged            |     3 |    23 ||    26
